 Dungeon Crawl Stone Soup version 0.29.0-11-gd7f09526c8 (webtiles) character file.

Game seed: 1759078493237500130

147 AttackTheMoon the Insei (level 5, -10/34 HPs)
             Began as an Octopode Transmuter on Sept 2, 2022.
             Was a Follower of Dithmenos.
             Mangled by Crazy Yiuf
             ... wielding a +4 quarterstaff of chaos
              (14 damage)
             ... on level 2 of the Dungeon.
             The game lasted 00:04:21 (3158 turns).

AttackTheMoon the Insei (Octopode Transmuter)       Turns: 3158, Time: 00:04:22

Health: -10/34     AC:  1    Str:  9    XL:     5   Next: 29%
Magic:  8/9        EV: 17    Int: 18    God:    Dithmenos [*.....]
Gold:   184        SH:  0    Dex: 12    Spells: 6/9 levels left

rFire   . . .      SeeInvis .     - Unarmed
rCold   . . .      Faith    .   (no shield)
rNeg    . . .      Spirit   .   (helmet currently unavailable)
rPois   .          Reflect  .   (no amulet)
rElec   .          Harm     .   i - +4 ring of evasion
rCorr   .          Rampage  .   (no ring)
Will    .....                   (no ring)
Stlth   ++........              (no ring)
HPRegen 0.11/turn               (no ring)
MPRegen 0.11/turn               (no ring)
                                (no ring)
                                (no ring)

@: confused, appendages, wreathed by umbra
A: tentacle spike 3, almost no armour, amphibious, 8 rings, camouflage 1,
gelatinous body 1, (nimble swimmer 1), tentacles
a: End Transformation, Renounce Religion


You were on level 2 of the Dungeon.
You worshipped Dithmenos.
Dithmenos was aware of your devotion.
One of your tentacles had grown a beastly spike.
You visited 1 branch of the dungeon, and saw 2 of its levels.

You collected 184 gold pieces.

Inventory:

Jewellery
 i - a +4 ring of evasion (left tentacle)
Scrolls
 c - a scroll of silence
 d - 3 scrolls of enchant weapon
 e - a scroll of magic mapping
Potions
 a - a potion of lignification
 b - 3 potions of curing
 f - a potion of magic {unknown}
 g - a potion of heal wounds {unknown}
 h - 2 potions of flight {unknown}


   Skills:
 + Level 2.2 Fighting
 + Level 2.9 Dodging
 + Level 0.2 Stealth
 + Level 3.7 Unarmed Combat
 + Level 2.8 Spellcasting
 + Level 2.8 Transmutations


You had 6 spell levels left.
You knew the following spells:

 Your Spells              Type           Power      Damage    Failure   Level
a - Beastly Appendage     Tmut           24%        N/A       4%          1
b - Wereblood             Tmut           12%        N/A       8%          2

Your spell library contained the following spells:

 Spells                   Type           Power      Damage    Failure   Level
 Necrotise                Necr           8%         1d4       17%         1
 Spider Form              Tmut/Pois      7%         N/A       28%         3
 Vampiric Draining        Necr           2%         2d6       45%         3
 Ice Form                 Ice/Tmut       7%         N/A       67%         4
 Agony                    Necr           2%         N/A       99%         5


Dungeon Overview and Level Annotations

Branches:
Dungeon (2/15)

Altars:
Dithmenos

Annotations:
D:2 Crazy Yiuf


Innate Abilities, Weirdness & Mutations

One of your tentacles has grown a beastly spike.
You cannot wear most types of armour.
You are amphibious.
You can wear up to eight rings at the same time.
Your skin changes colour to match your surroundings (Stealth+).
Your rubbery body absorbs attacks. (AC +1, EV +1)
((You are camouflaged when in or above water. (Stealth+)))
You have tentacles for arms and can constrict up to eight enemies at once.


Message History

No target in view!
No target in view!
No target in view!
No target in view!
No target in view!
Your tentacle spike disappears.
You see here a dart slug corpse.
Found a hammer.
Found a runed translucent door.
You see here a dart slug corpse.
Things that are here:
a +0 ring mail; a +0 club Key pressed, stopping explore.
You see here a dart slug corpse.
One of your tentacles grows a vicious spike.
Crazy Yiuf screams, "Tonal King verde!"
You open the door. You tentacle-slap Crazy Yiuf. You grab Crazy Yiuf.
You pierce Crazy Yiuf, but do no damage.
You squeeze Crazy Yiuf.
Crazy Yiuf is lightly wounded.
You constrict Crazy Yiuf, but do no damage.
Crazy Yiuf barely misses you.
You tentacle-slap Crazy Yiuf. You squeeze Crazy Yiuf.
Crazy Yiuf is heavily wounded.
You constrict Crazy Yiuf, but do no damage.
Crazy Yiuf hits you with a +4 quarterstaff of chaos!
You are confused.
You bump into the rock wall.
You constrict Crazy Yiuf.
Crazy Yiuf says, "Ghoul!"
Crazy Yiuf closely misses you.
You're too confused to move!
You constrict Crazy Yiuf.
Crazy Yiuf hits you with a +4 quarterstaff of chaos.
You are electrocuted!!
Ouch! That really hurt!
* * * LOW HITPOINT WARNING * * *
You barely miss Crazy Yiuf. Your squeeze misses Crazy Yiuf.
Crazy Yiuf is severely wounded.
You constrict Crazy Yiuf.
Crazy Yiuf hits you with a +4 quarterstaff of chaos!
You die...

#####
#.......#
....#
#..######
....#####..#
...........#
#####
....#####..#
#)..# ....#
#).# #...#
###### #..#
... #...†#
#>.# #g#
.....# ####
#@##
.[...######
##.#
.......[..#
#.##
..........#
##.#
..........#
##.##
#.........##
##...#
#....####..#
#....#
#.)..# ##†#
#....#
#....#
#.####....#


You could see Crazy Yiuf.

Vanquished Creatures
  An orc wizard (D:2)
  4 adders (D:2)
  2 worms (D:2)
  4 dart slugs
  4 orcs (D:2)
  5 bats
  7 endoplasms
  5 giant cockroaches
  7 goblins
  5 hobgoblins
  6 jackals
  2 quokkas
  2 ball pythons (D:1)
  3 frilled lizards
  4 kobolds
  3 rats
64 creatures vanquished.

Vanquished Creatures (others)
  2 fungi (D:2)
  4 plants (D:2)
6 creatures vanquished.

Grand Total: 70 creatures vanquished

Notes
Turn   | Place    | Note
-------+----------+-------------------------------------------
     0 | D:1      | AttackTheMoon the Octopode Transmuter began the quest for
                  | the Orb.
     0 | D:1      | Reached XP level 1. HP: 13/13 MP: 3/3
   122 | D:1      | Reached XP level 2. HP: 12/18 MP: 3/5
   570 | D:1      | Reached XP level 3. HP: 16/23 MP: 4/6
  1754 | D:1      | Learned a level 2 spell: Wereblood
  2195 | D:2      | Reached XP level 4. HP: 29/29 MP: 5/7
  2418 | D:2      | Reached XP level 5. HP: 15/34 MP: 5/9
  2802 | D:2      | Found a faded altar of an unknown god.
  2810 | D:2      | Prayed at the altar of an unknown god.
  2810 | D:2      | Became a worshipper of Dithmenos the Shadowed
  2810 | D:2      | Reached * piety under Dithmenos
  3021 | D:2      | Found a runed translucent door.
  3022 | D:2      | Noticed Crazy Yiuf
  3158 | D:2      | Mangled by Crazy Yiuf

Illustrated notes

Levels and vault maps discovered:
D:1:      onia_arrival_mini_maze_b, layout_basic, dk_noncrumbling_4
D:2:      layout_rooms, dreamdust_ecumenical_altar_grove,
          uniq_crazy_yiuf_cottage

Skill      XL: |  1  2  3  4 |
---------------+-------------+-----
Fighting       | 2 |  2.2
Dodging        | |  2.9
Stealth        | |  0.2
Unarmed Combat | |  3.7
Spellcasting   | |  2.8
Transmutations | |  2.8

Action                   |  1- 3 |  4- 6 || total
-------------------------+-------+-------++-------
Melee: Unarmed           |    79 |    63 ||   142
       Kick              |    27 |    16 ||    43
       Constrict         |    24 |    22 ||    46
       Tentacles         |    14 |    18 ||    32
       Punch             |       |     1 ||     1
 Cast: Beastly Appendage |    23 |    13 ||    36
       Wereblood         |     1 |     2 ||     3
  Use: Scroll            |     7 |     1 ||     8
       Potion            |     1 |       ||     1
 Stab: Sleeping          |     3 |     1 ||     4
Armor: Skin              |     5 |     8 ||    13
Dodge: Dodged            |    47 |    53 ||   100
